 Dungeon Crawl Stone Soup version 0.27-a0-797-g27d10ad80f (webtiles) character file.

Game seed: 3037991288324349313

1608 polve the Carver (level 8, 0/63 HPs)
             Began as a Demonspawn Abyssal Knight on Mar 27, 2021.
             Was a Priest of Lugonu.
             Succumbed to a hornet's poison
             ... on level 6 of the Dungeon.
             The game lasted 00:05:51 (5220 turns).

polve the Carver (Demonspawn Abyssal Knight)        Turns: 5220, Time: 00:05:51

Health: 0/63       AC:  8    Str: 20    XL:     8   Next: 63%
Magic:  9/9        EV: 11    Int: 15    God:    Lugonu [***...]
Gold:   170        SH:  6    Dex: 12    Spells: 7/7 levels left

rFire    . . .     SeeInvis .   a - +1 falchion
rCold    + . .     Faith    .   p - +1 buckler
rNeg     . . .     Spirit   .   b - +0 leather armour
rPois    .         Reflect  .   (helmet restricted)
rElec    .         Harm     .   x - +0 cloak
rCorr    .         Rampage  .   (no gloves)
Will     .....     Clarity  +   (boots unavailable)
Stlth    +.........             f - amulet of regeneration
HPRegen  1.20/turn              s - +6 ring of strength
MPRegen  0.11/turn              j - +4 ring of protection

@: lethally poisoned (0 -> -4), slowed, very slow
A: hooves 3, spiny 2, sturdy frame 2, horns 1, blink, clarity, cold resistance 1
a: Blink, Renounce Religion, Depart the Abyss, Bend Space, Banish


You were on level 6 of the Dungeon.
You worshipped Lugonu.
Lugonu was most pleased with you.
You visited 1 branch of the dungeon, and saw 6 of its levels.
You visited the Abyss 1 time.

You collected 170 gold pieces.

Inventory:

Hand Weapons
 a - a +1 falchion (weapon)
 y - a +1 broad axe
Armour
 b - a +0 leather armour (worn)
 p - a +1 buckler (worn)
 r - a +0 helmet
 u - a +2 robe of the Archmagi
 x - a +0 cloak (worn)
Jewellery
 d - a ring of ice
 f - an amulet of regeneration (around neck)
 j - a +4 ring of protection (right hand)
 o - a ring of poison resistance
 s - a +6 ring of strength (left hand)
Wands
 k - a wand of flame (29)
Scrolls
 e - 2 scrolls of holy word
 g - a scroll of teleportation
 l - a scroll of immolation
Potions
 t - a potion of might
 w - a potion of magic
 z - a potion of curing


   Skills:
 + Level 5.5 Fighting
 * Level 8.2 Long Blades
 - Level 1.7 Armour
 - Level 0.8 Dodging
 - Level 4.0 Shields
 - Level 2.4 Invocations


You had 7 spell levels left.
You didn't know any spells.
Your spell library contained the following spells:

 Spells                   Type           Power      Damage    Failure   Level
 Foxfire                  Conj/Fire      0%         2x1d4     26%         1
 Sandblast                Erth           0%         2d4       26%         1
 Passwall                 Tmut/Erth      0%         N/A       38%         2
 Confusing Touch          Hex            0%         N/A       63%         3
 Conjure Flame            Conj/Fire      0%         6-21      63%         3
 Gell's Gravitas          Tloc           0%         N/A       63%         3
 Inner Flame              Hex/Fire       0%         N/A       63%         3
 Stone Arrow              Conj/Erth      0%         3d7       63%         3
 Petrify                  Tmut/Erth      0%         N/A       95%         4
 Sticky Flame             Conj/Fire      0%         2d3       95%         4
 Fireball                 Conj/Fire      0%         3d3       100%        5
 Lee's Rapid Deconstruct  Erth           0%         3d5*      100%        5
 Metabolic Englaciation   Hex/Ice        0%         N/A       100%        5
 Yara's Violent Unravell  Hex/Tmut       0%         3d3       100%        5


Dungeon Overview and Level Annotations

Branches:
Dungeon (6/15)             Temple (0/1) D:4

Altars:
Elyvilon
Qazlal


Innate Abilities, Weirdness & Mutations

You have hooves in place of feet.
You are mostly covered in sharp spines.
Your movements are less encumbered by armour. (ER -4)
You have a pair of small horns on your head.
You can translocate small distances at will.
You possess an exceptional clarity of mind.
Your flesh is cold resistant. (rC+)


Message History

You feel extremely sick. You block the hornet's attack.
The hornet is struck by your spines. The hornet barely misses you.
You barely miss the hornet. You kick the hornet, but do no damage.
The hornet is severely wounded.
You feel sick.
The hornet stings you but does no damage.
You block the hornet's attack.
You hit the hornet but do no damage. You kick the hornet, but do no damage.
The hornet is heavily wounded.
You feel yourself speed up.
You feel sick. The hornet stings you!
* * * LOW HITPOINT WARNING * * *
You feel yourself slow down. The hornet closely misses you.
You riposte.
You hit the hornet. Your kick misses the hornet.
The hornet is severely wounded.
You barely miss the hornet. Your headbutt misses the hornet.
The hornet is severely wounded.
You feel yourself speed up.
You feel sick.
You are no longer poisoned.
You block the hornet's attack. The hornet stings you.
* * * LOW HITPOINT WARNING * * *
You are poisoned.
You suddenly lose the ability to move!
* * * LOW HITPOINT WARNING * * *
You feel extremely sick. The hornet stings you.
* * * LOW HITPOINT WARNING * * *
You feel yourself slow down.
You can move again.
You feel better. The hornet stings you!
* * * LOW HITPOINT WARNING * * *
You are lethally poisoned!
You feel as though you will be slow longer.
The hornet is struck by your spines.
You kill the hornet!
Lugonu accepts your kill.
Your Long Blades skill increases to level 8!
You die...

#..........
#..........
#..........
#.........
+#####.......
...........#
...........#
(......@...#
.........<.+
...........#
########+###


There were no monsters in sight!

Vanquished Creatures
  A hornet (D:6)
  Grinder (D:3)
  Sigmund (D:2)
  A sky beast (D:5)
  An ice beast (D:5)
  2 ogres (D:5)
  Blork the orc (D:4)
  2 phantoms (D:4)
  A wyvern skeleton (D:5)
  A scorpion (D:5)
  A bullfrog zombie (D:5)
  2 hounds
  A jelly (D:4)
  A bullfrog skeleton (D:5)
  A gnoll shaman (D:5)
  An orc wizard (D:3)
  Robin (D:4)
  5 gnolls
  A howler monkey skeleton (D:5)
  2 adders
  An adder skeleton (D:4)
  4 dart slugs
  5 orcs
  8 endoplasms
  2 giant cockroaches
  12 goblins
  7 hobgoblins
  9 jackals
  2 quokkas
  3 ball pythons
  4 bats
  6 frilled lizards (D:1)
  A jackal skeleton (D:4)
  9 kobolds
  6 rats
107 creatures vanquished.

Notes
Turn   | Place    | Note
-------+----------+-------------------------------------------
     0 | Abyss:1  | polve the Demonspawn Abyssal Knight began the quest for the
                  | Orb.
     0 | Abyss:1  | Reached XP level 1. HP: 18/18 MP: 2/2
    47 | Abyss:1  | Noticed a large abomination
    48 | D:1      | Escaped the Abyss
   107 | D:1      | Reached skill level 2 in Long Blades
   413 | D:1      | Reached * piety under Lugonu
   417 | D:1      | Gained mutation: You have large cloven feet. [demonic
                  | ancestry]
   417 | D:1      | Reached XP level 2. HP: 21/24 MP: 3/3
  1138 | D:1      | Reached skill level 3 in Long Blades
  1387 | D:1      | Gained mutation: You are partially covered in sharp spines.
                  | [demonic ancestry]
  1387 | D:1      | Reached XP level 3. HP: 28/29 MP: 4/4
  1909 | D:2      | Noticed Sigmund
  1918 | D:2      | Reached ** piety under Lugonu
  1919 | D:2      | Killed Sigmund
  1920 | D:2      | Reached skill level 5 in Long Blades
  1920 | D:2      | Gained mutation: You have hoof-like feet. [demonic
                  | ancestry]
  1920 | D:2      | Reached XP level 4. HP: 5/35 MP: 5/5
  1920 | D:2      | Reached XP level 5. HP: 6/41 MP: 6/6
  2905 | D:3      | Gained mutation: You evolve. [potion of mutation]
  2905 | D:3      | Gained mutation: Armour fits poorly on your strangely
                  | shaped body. [potion of mutation]
  2905 | D:3      | Gained mutation: You can translocate small distances at
                  | will. [potion of mutation]
  2908 | D:3      | Reached skill level 1 in Shields
  3004 | D:3      | Gained mutation: Your movements are slightly less
                  | encumbered by armour. (ER -2) [demonic ancestry]
  3004 | D:3      | Reached XP level 6. HP: 47/47 MP: 7/7
  3055 | D:3      | Noticed Grinder
  3069 | D:3      | Killed Grinder
  3695 | D:4      | Noticed Robin
  3704 | D:4      | Gained mutation: You are mostly covered in sharp spines.
                  | [demonic ancestry]
  3704 | D:4      | Reached XP level 7. HP: 52/52 MP: 8/8
  3711 | D:4      | Killed Robin
  3915 | D:4      | Gained mutation: You have hooves in place of feet.
                  | [evolution]
  3925 | D:4      | Reached *** piety under Lugonu
  4044 | D:4      | Found a staircase to the Ecumenical Temple.
  4134 | D:4      | Found a stormy altar of Qazlal.
  4234 | D:4      | Noticed Blork the orc
  4244 | D:4      | Killed Blork the orc
  4245 | D:4      | Reached skill level 6 in Long Blades
  4427 | D:5      | Entered Level 5 of the Dungeon
  4497 | D:5      | Reached skill level 7 in Long Blades
  4497 | D:5      | Gained mutation: Your movements are less encumbered by
                  | armour. (ER -4) [demonic ancestry]
  4497 | D:5      | Reached XP level 8. HP: 53/61 MP: 9/9
  4786 | D:5      | Gained mutation: Scrolls take you a little longer to read.
                  | [evolution]
  4877 | D:5      | Reached skill level 5 in Fighting
  5185 | D:5      | Lost mutation: Armour fits poorly on your strangely shaped
                  | body. [potion of mutation]
  5185 | D:5      | Lost mutation: You evolve. [potion of mutation]
  5185 | D:5      | Lost mutation: Scrolls take you a little longer to read.
                  | [potion of mutation]
  5185 | D:5      | Gained mutation: You have a pair of small horns on your
                  | head. [potion of mutation]
  5185 | D:5      | Gained mutation: You possess an exceptional clarity of
                  | mind. [potion of mutation]
  5185 | D:5      | Gained mutation: Your flesh is cold resistant. (rC+)
                  | [potion of mutation]
  5209 | D:6      | Noticed a hornet
  5211 | D:6      | Paralysed by a hornet for 1 turns
  5217 | D:6      | Paralysed by a hornet for 2 turns
  5219 | D:6      | Killed a hornet
  5220 | D:6      | Reached skill level 8 in Long Blades
  5220 | D:6      | Succumbed to a hornet's poison

Illustrated notes

Levels and vault maps discovered:
D:1:      wheals_arrival_shading, layout_basic
D:2:      layout_loops_cross, old_standard_altar, uniq_sigmund
D:3:      layout_loops_corners, uniq_grinder
D:4:      layout_loops_cross, minmay_temple_entry_wispy,
          nicolae_qazlal_eye_of_the_storm, uniq_robin, uniq_blork_the_orc
D:5:      layout_basic
D:6:      layout_gridville, nicolae_uskayaw_en_pointe, marbit_many_paths,
          minitemple, nicolae_hepliaklqana_hippocampus, serial_glass,
          glass_columns_a, glass_columns_a

Skill      XL: |  1  2  3  4  5  6  7  8 |
---------------+-------------------------+-----
Long Blades    | 2 3 5 7 8 |  8.2
Shields        | 1 4 |  4.0
Fighting       | 4 5 |  5.5
Armour         | |  1.7
Dodging        | |  0.8
Invocations    | |  2.4

Action                   |  1- 3 |  4- 6 |  7- 9 || total
-------------------------+-------+-------+-------++-------
Melee: Falchion          |    91 |    68 |    90 ||   249
       Kick              |    10 |    14 |    31 ||    55
Invok: Depart the Abyss  |     1 |       |       ||     1
  Use: Potion            |       |     4 |     5 ||     9
       Scroll            |       |       |    11 ||    11
Armor: Leather armour    |    22 |    22 |    11 ||    55
Dodge: Dodged            |    53 |    27 |    46 ||   126
Block: Buckler           |       |     5 |    17 ||    22
       Rpst.: Falchion   |    12 |    10 |    11 ||    33

Table legend: (Time is in decaauts)
 A = Elapsed time spent in this place.
 B = Non-inter-level travel time spent in this place.
 C = Inter-level travel time spent in this place.
 D = Time resting spent in this place.
 E = Time spent auto-exploring this place.
 F = Levels seen in this place.
 G = Mean time per level.
                   A        B        C        D        E       F      G
               +--------+--------+--------+--------+--------+-----+--------+
         Total |   5220 |   4928 |    292 |      0 |   4228 |   7 |  745.7 |
       Dungeon |   5172 |   4880 |    292 |      0 |   4181 |   6 |  862.0 |
         Abyss |     48 |     48 |      0 |      0 |     47 |   1 |   48.0 |
               +--------+--------+--------+--------+--------+-----+--------+

Top non-repeatable levels by time:
     D:1: 1812 daAuts
     D:2: 913 daAuts
     D:3: 899 daAuts
     D:4: 863 daAuts
     D:5: 671 daAuts
 Abyss:1: 48 daAuts
     D:6: 12 daAuts
